 Dungeon Crawl Stone Soup version 0.29-a0-1027-gcd8c55af63 (webtiles) character file.

Game seed: 16207648133909185932

219 ragingrage the Caller (level 5, -2/31 HPs)
             Began as an Octopode Summoner on Aug 13, 2022.
             Slain by a hound (6 damage)
             ... on level 4 of the Dungeon.
             The game lasted 00:03:22 (3864 turns).

ragingrage the Caller (Octopode Summoner)           Turns: 3864, Time: 00:03:23

Health: -2/31      AC:  1    Str:  7    XL:     5   Next: 96%
Magic:  1/11       EV: 13    Int: 19    God:
Gold:   115        SH:  0    Dex: 13    Spells: 6/12 levels left

rFire   . . .      SeeInvis .   k - +1 short sword (speed)
rCold   . . .      Faith    .   (no shield)
rNeg    . . .      Spirit   .   (helmet restricted)
rPois   .          Reflect  .   (no amulet)
rElec   .          Harm     .   (no ring)
rCorr   .          Rampage  .   (no ring)
Will    .....                   (no ring)
Stlth   +++.......              (no ring)
HPRegen 0.10/turn               (no ring)
MPRegen 0.12/turn               (no ring)
                                (no ring)
                                (no ring)

@: attractive
A: almost no armour, amphibious, 8 rings, camouflage 1, gelatinous body 1,
(nimble swimmer 1), tentacles
a: no special abilities


You were on level 4 of the Dungeon.
You visited 1 branch of the dungeon, and saw 4 of its levels.

You collected 115 gold pieces.

Inventory:

Hand Weapons
 k - a +1 short sword of speed (weapon)
Jewellery
 e - a ring of willpower
 l - a ring of flight
Scrolls
 b - 4 scrolls of identify {unknown}
 c - a scroll of magic mapping {unknown}
 d - a scroll of torment {unknown}
 f - a scroll of teleportation {unknown}
 g - a scroll of blinking {unknown}
Potions
 a - 2 potions of magic
 h - a potion of attraction
 i - 2 potions of flight {unknown}
 j - a potion of cancellation {unknown}


   Skills:
 - Level 2.0 Dodging
 - Level 2.6 Stealth
 + Level 4.1 Spellcasting
 + Level 5.6 Summonings


You had 6 spell levels left.
You knew the following spells:

 Your Spells              Type           Power      Damage    Failure   Level
a - Summon Small Mammal   Summ           100%       N/A       1%          1
b - Call Imp              Summ           25%        N/A       1%          2
c - Call Canine Familiar  Summ           25%        N/A       4%          3

Your spell library contained the following spells:

 Spells                   Type           Power      Damage    Failure   Level
 Summon Guardian Golem    Hex/Summ       14%        N/A       13%         3
 Summon Lightning Spire   Summ/Air       14%        N/A       38%         4
 Passage of Golubria      Tloc           3%         N/A       80%         4
 Silence                  Hex/Air        1%         N/A       98%         5
 Lehudib's Crystal Spear  Conj/Erth      1%         10d2      100%        8


Dungeon Overview and Level Annotations

Branches:
Dungeon (4/15)
 Temple: D:4-7

Altars:
Ashenzari
Cheibriados
Trog

Shops:
D:3 (

Annotations:
D:3 1 runed translucent door, BleedingAnus's ghost, weakling MiBe


Innate Abilities, Weirdness & Mutations

You cannot wear most types of armour.
You are amphibious.
You can wear up to eight rings at the same time.
Your skin changes colour to match your surroundings (Stealth+).
Your rubbery body absorbs attacks. (AC +1, EV +1)
((You are camouflaged when in or above water. (Stealth+)))
You have tentacles for arms and can constrict up to eight enemies at once.


Message History

Confirm with . or Enter, or press ? or * to list all spells.
A shadowy apparition takes form in the air.
You hear a shout! x2
The hound bites your quokka.
Your quokka dies!
Your quokka's corpse disappears in a puff of smoke!
You hear an angry growl.
You hit the black bear. Your grab misses the black bear.
The black bear is almost dead.
The hound barely misses you.
You barely miss the black bear. You grab the black bear.
Your squeeze misses the black bear.
The black bear is almost dead.
You constrict the black bear, but do no damage.
Your shadow imp hits the black bear.
The black bear bites you.
The black bear claws you. x2; The hound misses you.
You hit the black bear.
You kill the black bear!
The hound closely misses you.
Your shadow imp hits the goblin.
An orc comes into view. It is wielding a +0 whip.
The goblin closely misses your shadow imp.
Your Spellcasting skill increases to level 4!
You swap places.
The hound barely misses you.
Your shadow imp hits the hound.
The goblin closely misses you. The endoplasm hits you.
The endoplasm attacks as you move away! The endoplasm misses you.
The hound bites you.
The orc hits your shadow imp but does no damage.
Casting: Call Imp (safe; 1% risk of failure)
Confirm with . or Enter, or press ? or * to list all spells.
The hound bites you.
* * * LOW HITPOINT WARNING * * *
The endoplasm freezes you.
You are frozen.
* * * LOW HITPOINT WARNING * * *
The goblin barely misses you.
Your shadow imp hits the orc.
The orc misses your shadow imp.
It was a potion of attraction.
You feel attractive to monsters. The hound barely misses you.
The hound bites you.
You die...

#.# .. #.# ...
#.# .h..
#.##....h
#########..(.....
.........o##.....
........5r# ...
......ghJ.# .
###...@###
###....# ###..##
#...# #...# #.#.#
###.######.#.#
#.....# ...#
##.##.# #..#
#..#.# #..###


You could see a hound, an orc (ally target), an endoplasm, a goblin, a friendly
shadow imp (summoned) and a friendly quokka (summoned).

Vanquished Creatures
  A black bear (D:4)
  An adder (D:2)
  A dart slug (D:2)
  A worm (D:2)
  3 ball pythons
  4 bats
  An endoplasm (D:3)
  2 giant cockroaches (D:1)
  3 goblins
  A hobgoblin (D:3)
  A quokka (D:1)
  A kobold (D:1)
  4 rats
24 creatures vanquished.

Vanquished Creatures (collateral kills)
  A jelly (D:4)
  3 adders
  A dart slug (D:1)
  3 bats
  9 goblins
  6 hobgoblins
  3 kobolds
  A ball python (D:3)
  A frilled lizard (D:1)
  3 rats
31 creatures vanquished.

Grand Total: 55 creatures vanquished

Notes
Turn   | Place    | Note
-------+----------+-------------------------------------------
     0 | D:1      | ragingrage the Octopode Summoner began the quest for the
                  | Orb.
     0 | D:1      | Reached XP level 1. HP: 11/11 MP: 3/3
   279 | D:1      | Reached XP level 2. HP: 17/17 MP: 0/5
   370 | D:1      | Learned a level 2 spell: Call Imp
  1102 | D:1      | Found a faded altar of an unknown god.
  1218 | D:2      | Identified the +3 scale mail of Pomiax {rF+}
  1395 | D:2      | Reached XP level 3. HP: 21/21 MP: 6/6
  1399 | D:2      | Learned a level 3 spell: Call Canine Familiar
  1473 | D:2      | Found a snail-covered altar of Cheibriados.
  2438 | D:3      | Found a broken altar of Ashenzari.
  2443 | D:3      | Reached XP level 4. HP: 27/27 MP: 3/8
  2533 | D:3      | Found a runed translucent door.
  2585 | D:3      | Noticed BleedingAnus's ghost (weakling MiBe)
  2651 | D:3      | Found Ykheuc's Weapon Shoppe.
  2665 | D:3      | Found the +10 dark maul {vorpal}
  3255 | D:3      | Found a bloodstained altar of Trog.
  3289 | D:3      | Reached skill level 5 in Summonings
  3842 | D:4      | Noticed a black bear
  3849 | D:4      | Reached XP level 5. HP: 31/31 MP: 4/10
  3860 | D:4      | Killed a black bear
  3864 | D:4      | Slain by a hound

Illustrated notes

Levels and vault maps discovered:
D:1:      giann_horns, layout_basic, shapermc_ecumenical_altar_mp_vishouse,
          minmay_stone_trees_small
D:2:      layout_basic, basic_altar
D:3:      layout_loops_ring, trog_hazing_becter, ashenzari_altar_1,
          ebering_ghost_reflecting_pool, serial_shops, nicolae_shop_stone,
          hangedman_glass_teeth, minmay_misc_feat_roman, minivault_14,
          minmay_goblin_outpost
D:4:      layout_rooms, st_stairs_7, minmay_misc_feat_rugged,
          kennysheep_pointless_box

Skill      XL: |  1  2  3  4  5 |
---------------+----------------+-----
Spellcasting   | 3 4 |  4.1
Summonings     | 5 |  5.6
Dodging        | |  2.0
Stealth        | |  2.6

Action                   |  1- 3 |  4- 6 || total
-------------------------+-------+-------++-------
Melee: Unarmed           |    37 |    18 ||    55
       Tentacles         |    12 |     4 ||    16
       Constrict         |    14 |     5 ||    19
       Staff             |    11 |       ||    11
       Punch             |       |     1 ||     1
       Short sword       |       |     5 ||     5
 Cast: Summon Small Mamm |    39 |    13 ||    52
       Call Imp          |    13 |    10 ||    23
       Call Canine Famil |     1 |     1 ||     2
  Use: Potion            |       |     1 ||     1
 Stab: Sleeping          |     5 |     1 ||     6
Armor: Skin              |     8 |     3 ||    11
Dodge: Dodged            |    39 |    21 ||    60

Table legend: (Time is in decaauts)
 A = Elapsed time spent in this place.
 B = Non-inter-level travel time spent in this place.
 C = Inter-level travel time spent in this place.
 D = Time resting spent in this place.
 E = Time spent auto-exploring this place.
 F = Levels seen in this place.
 G = Mean time per level.
                   A        B        C        D        E       F      G
               +--------+--------+--------+--------+--------+-----+--------+
         Total |   3863 |   3794 |     69 |    283 |   2981 |   4 |  965.8 |
       Dungeon |   3863 |   3794 |     69 |    283 |   2981 |   4 |  965.8 |
               +--------+--------+--------+--------+--------+-----+--------+

Top non-repeatable levels by time:
     D:3: 1385 daAuts
     D:2: 1252 daAuts
     D:1: 1174 daAuts
     D:4: 49 daAuts
